Map: Prion Terraces

Players

bleedthesky

  • Race: Zerg Zerg
  • League: Diamond

Hindulaatti - Winner!

  • Race: Terran Terran
  • League: Diamond

VOD

Have the link to the VOD?

Description

Time

  • Played on: Feb. 7, 2016, 3:01 p.m.
  • Length: 6:38
Show
View Real Time Build Order
Export as new Build Order

bleedthesky Zerg 

Build Orders: Hatch First 

Get SALT Encoding   

  12  0:01  Drone  
  13  0:13  Overlord  
  13  0:18  Drone  
  14  0:32  Drone x2  
  16  0:36  Drone  
  17  0:54  Hatchery  
  16  0:58  Drone  
  16  1:02  Extractor  
  16  1:06  Drone  
  17  1:17  Spawning Pool  
  16  1:20  Drone  
  17  1:31  Overlord  
  17  1:36  Drone  
  18  1:45  Drone  
  19  1:51  Drone  
  20  2:05  Drone  
  20  2:07  Queen  
  23  2:09  Queen  
  25  2:18  Metabolic Boost  
  25  2:24  Drone x2  
  25  2:27  Zergling x4  
  29  2:35  Drone  
  30  2:37  Drone  
  30  2:43  Extractor  
  30  2:44  Spine Crawler  
  29  2:56  Drone x2  
  33  3:08  Drone  
  33  3:09  Overlord x2  
  33  3:11  Drone x2  
  36  3:23  Evolution Chamber, Zergling x2  
  36  3:29  Hatchery  
  35  4:02  Drone x4  
  41  4:03  Drone x6  
  41  4:04  Drone x2  
  49  4:11  Extractor  
  49  4:12  Extractor  
  49  4:13  Lair  
  45  4:18  Extractor  
  44  4:30  Drone x3  
  48  4:31  Drone  
  48  4:32  Drone x2  
  48  4:33  Drone  
  48  5:00  Queen  
  50  5:08  Evolution Chamber  
  50  5:09  Zergling x6, Baneling Nest  
  50  5:10  Zergling x14  
  50  5:13  Overlord x4  
  58  5:25  Spire  
  57  5:29  Infestation Pit  
  57  5:33  Pneumatized Carapace  
  56  5:36  Drone  
  56  5:37  Drone x9  
  66  5:51  Drone x4  
  69  6:21  Drone x3  
  69  6:22  Drone x3  
  69  6:24  Extractor  
  76  6:26  Extractor  
Show
View Real Time Build Order
Export as new Build Order

Hindulaatti Terran - Winner!

Build Orders:  

Get SALT Encoding   

  12  0:01  SCV  
  13  0:13  SCV  
  14  0:17  Supply Depot  
  14  0:26  SCV  
  15  0:39  SCV  
  15  0:41  Barracks  
  16  0:51  SCV  
  16  0:54  Refinery  
  17  1:03  SCV  
  18  1:15  SCV  
  19  1:28  Orbital Command  
  19  1:34  Command Center  
  20  1:40  Reaper  
  20  1:47  Supply Depot  
  20  1:54  SCV  
  21  2:00  Refinery  
  21  2:07  SCV  
  22  2:08  Bunker  
  22  2:12  Marine  
  23  2:20  Factory  
  23  2:21  SCV  
  24  2:33  SCV  
  24  2:35  Barracks Reactor  
  25  2:39  Supply Depot  
  25  2:45  SCV  
  26  2:57  SCV  
  27  2:59  Barracks  
  27  3:06  Starport  
  27  3:07  Factory Tech Lab  
  27  3:09  SCV  
  28  3:15  Orbital Command  
  28  3:19  Marine  
  28  3:21  Marine  
  28  3:26  SCV  
  31  3:37  Marine  
  31  3:38  SCV  
  31  3:39  Marine  
  34  3:48  Starport Reactor  
  34  3:52  Factory Reactor  
  34  3:53  Barracks  
  34  3:58  SCV  
  34  4:03  SCV  
  34  4:04  Supply Depot  
  35  4:10  Stimpack, SCV  
  35  4:15  SCV  
  37  4:17  Refinery  
  37  4:20  Marine x2  
  37  4:21  Liberator  
  37  4:22  SCV  
  41  4:24  Marauder  
  41  4:27  SCV  
  41  4:29  Supply Depot  
  43  4:33  Medivac  
  43  4:34  Refinery, SCV  
  46  4:39  Widow Mine  
  46  4:42  SCV  
  47  5:04  Barracks Reactor  
  47  5:05  Engineering Bay  
  47  5:06  Engineering Bay  
  47  5:07  Medivac, Widow Mine  
  47  5:11  SCV x2  
  53  5:18  Supply Depot  
  53  5:22  Marine  
  53  5:23  Marauder, SCV x2  
  58  5:33  Liberator  
  58  5:45  Marauder, Marine x3, SCV x2  
  65  5:56  Widow Mine x2  
  72  6:06  SCV x2  
  74  6:13  Missile Turret  
  74  6:19  Missile Turret  
Tags
 
Add a new tag
Caveats
  • Supply blocks, unpowered buildings, or Contaminate may cause inaccurate times.
  • Supply counts are checked every 10 seconds.